 Dungeon Crawl Stone Soup version 0.25.1-2-g60ff931df9 (webtiles) character file.

Game seed: 12072937488130509601

93 LardOfLeggins the Shield-Bearer (level 4, 0/35 HPs)
             Began as a Demonspawn Fighter on Oct 8, 2020.
             Slain by Sigmund
             ... wielding a +0 scythe
              (2 damage)
             ... on level 2 of the Dungeon.
             The game lasted 00:09:24 (1745 turns).

LardOfLeggins the Shield-Bearer (DsFi)              Turns: 1745, Time: 00:09:24

Health: 0/35       AC:  9    Str: 16 (17) XL:     4   Next: 36%
Magic:  4/4        EV:  7    Int:  9      God:
Gold:   130        SH:  9    Dex: 13      Spells: 3/3 levels left

rFire    . . .     SeeInvis .   a - +0 rapier
rCold    . . .     Gourm    .   c - +0 kite shield
rNeg     . . .     Faith    .   b - +0 scale mail
rPois    +         Spirit   .   k - +0 helmet
rElec    .         Reflect  .   (no cloak)
rCorr    .         Harm     .   v - +0 pair of gloves
MR       .....     Clarity  +   (no boots)
Stlth    ..........             (no amulet)
HPRegen  0.11/turn              (no ring)
MPRegen  0.09/turn              (no ring)

@: no status effects
A: blink, clarity, deterioration 1, poison resistance, powered by death 2
a: Blink


You were on level 2 of the Dungeon.
You were not hungry.

You visited 1 branch of the dungeon, and saw 4 of its levels.

You collected 130 gold pieces.

Inventory:

Hand Weapons
 a - a +0 rapier (weapon)
 w - a +0 dagger
Missiles
 h - 77 stones (quivered)
 p - a throwing net
Armour
 b - a +0 scale mail (worn)
 c - a +0 kite shield (worn)
 e - a +0 hat
 g - a +0 ring mail
 i - a +0 leather armour
 k - a +0 helmet (worn)
 m - a +0 chain mail
 q - a +0 ring mail
 v - a +0 pair of gloves (worn)
Scrolls
 j - 4 scrolls of identify {unknown}
 l - a scroll of remove curse {unknown}
 n - 3 scrolls of fog {unknown}
 o - a scroll of enchant armour {unknown}
 r - 2 scrolls of enchant weapon {unknown}
 s - a scroll of fear {unknown}
Potions
 d - a potion of might
 u - a potion of brilliance
Comestibles
 f - 9 rations
 t - a chunk of flesh


   Skills:
 + Level 3.3 Fighting
 + Level 2.2 Short Blades
 + Level 3.2 Armour
 + Level 0.3 Dodging
 * Level 1.3 Stealth
 + Level 3.5 Shields


You had 3 spell levels left.
You didn't know any spells.
Your spell library was empty.

Dungeon Overview and Level Annotations

Branches:
Dungeon (4/15)
 Temple: D:4-7

Altars:
Dithmenos
Elyvilon
Fedhas
Nemelex Xobeh

Annotations:
D:2 Sigmund


Innate Abilities, Weirdness & Mutations

You regenerate health from kills.
You can translocate small distances at will.
You possess an exceptional clarity of mind.
Your body sometimes deteriorates upon taking damage.
Your system is resistant to poisons. (rPois)


Message History

You closely miss something. You hit something. Something hits you!
You barely miss something. Something hits you.
Your shield and scale mail prevent you from hitting something.
You hear some strange, mumbled words.
A magic dart appears from out of thin air!
The magic dart hits you.
Your shield and scale mail prevent you from hitting something.
Something hits you!
* * * LOW HITPOINT WARNING * * *
Your body deteriorates!
You feel weakened.
Your shield and scale mail prevent you from hitting something.
Something hits you.
* * * LOW HITPOINT WARNING * * *
You hit something. You closely miss something.
Something hits you but does no damage.
You completely miss something.
Sigmund appears from thin air!
Reactivating autopickup.
Sigmund hits you with a +0 scythe.
You die...

................#..##.#........##
................#..##.#..#.##.##
....#...###.##..#.....#..#....#
....##### #..#..#.######.######
....# ##....#........# ......
#...####...#### ........
##.....#...# ........#
###..##.#...# ###.....#
#...b@@.##### .....)...##.####
...............# .....#.?......#
#### #......... #.?>......
.......... .......... #.......###


You could see Sigmund and a bat.

Vanquished Creatures
  Jessica (D:2)
  2 adders (D:2)
  A worm (D:2)
  2 leopard geckos
  3 bats
  A giant cockroach (D:1)
  10 goblins
  5 hobgoblins
  3 jackals (D:2)
  2 frilled lizards
  9 kobolds
  4 rats
43 creatures vanquished.

Notes
Turn   | Place    | Note
-------+----------+-------------------------------------------
     0 | D:1      | LardOfLeggins the Demonspawn Fighter began the quest for
                  | the Orb.
     0 | D:1      | Reached XP level 1. HP: 18/18 MP: 1/1
    71 | D:1      | Gained mutation: You regenerate a little health from kills.
                  | [demonic ancestry]
    71 | D:1      | Reached XP level 2. HP: 20/24 MP: 2/2
   981 | D:1      | Gained mutation: You regenerate health from kills. [demonic
                  | ancestry]
   981 | D:1      | Reached XP level 3. HP: 27/29 MP: 3/3
  1069 | D:1      | Gained mutation: Your system is resistant to poisons.
                  | (rPois) [potion of mutation]
  1069 | D:1      | Gained mutation: You possess an exceptional clarity of
                  | mind. [potion of mutation]
  1069 | D:1      | Gained mutation: Your body sometimes deteriorates upon
                  | taking damage. [potion of mutation]
  1069 | D:1      | Gained mutation: You can translocate small distances at
                  | will. [potion of mutation]
  1087 | D:2      | You fall into a shaft and drop 2 floors!
  1268 | D:2      | Found a blossoming altar of Fedhas.
  1347 | D:2      | Noticed Jessica
  1402 | D:2      | Reached skill level 1 in Stealth
  1406 | D:2      | Killed Jessica
  1406 | D:2      | Reached XP level 4. HP: 31/35 MP: 4/4
  1543 | D:2      | Found a shadowy altar of Dithmenos.
  1546 | D:2      | Found a sparkling altar of Nemelex Xobeh.
  1549 | D:2      | Found a white marble altar of Elyvilon.
  1724 | D:2      | Noticed Sigmund
  1742 | D:2      | HP: 1/35 [something (2)]
  1745 | D:2      | Slain by Sigmund

Illustrated notes

Levels and vault maps discovered:
D:1:      minmay_arrival_glassed_features, layout_rooms
D:2:      layout_basic, grunt_temple_overflow_open, fedhas_altar_2,
          uniq_jessica, uniq_sigmund
D:3:      layout_rooms, chequers_ecumenical_altar_lobes
D:4:      layout_loops_cross, nicolae_ru_sacrificial_ziggurat, first_ration,
          trog_three_pillars_becter

Skill      XL: |  1  2  3 |
---------------+----------+-----
Shields        | 3 |  3.5
Armour         | 3 |  3.2
Short Blades   | 2 |  2.2
Stealth        | 1 |  1.3
Fighting       | |  3.3
Dodging        | |  0.3

Action                   |  1- 3 |  4- 6 || total
-------------------------+-------+-------++-------
Melee: Rapier            |   141 |    34 ||   175
  Use: Potion            |     1 |     3 ||     4
  Eat: Chunk             |     1 |     2 ||     3
Armor: Scale mail        |    91 |    10 ||   101
Dodge: Dodged            |    63 |     5 ||    68
Block: Kite shield       |   117 |    14 ||   131
